General information
- name: BNet
- type: Ladder 1vs1/FFA
- host: Battle.net
- saver: Supplies
map: MeltingValley
- players: 2
- length: 98:38
- speed: Fast
- version: 1.26 W3XP
- replay type: Public
» download(207 KB)
Players
team 1 (winner)
Supplies (
purple | 39 APM | 3880 actions | 98:38)
8 Archmage
2 Summon Water Elemental
3 Brilliance Aura
2 Blizzard
1 Mass Teleport
5 Paladin
3 Divine Shield
2 Holy Light
» actions
| Assign group hotkey | 77 | |
| Basic commands | 168 | |
| Build / train | 168 | |
| ESC pressed | 2 | |
| Enter build submenu | 38 | |
| Enter hero's abilities submenu | 13 | |
| Give item / drop item | 14 | |
| Right click | 1800 | |
| Select / deselect | 897 | |
| Select group hotkey | 345 | |
| Use ability | 358 | |
3880 total
» units
| Peasant | 16 | |
| Footman | 7 | |
| Forest Troll Shadow Priest | 3 | |
| Forest Troll Berserker | 2 | |
| Ogre Mauler | 2 | |
| Goblin Shredder | 12 | |
| Goblin Sapper | 4 | |
| Goblin Zeppelin | 2 | |
| Sorceress | 5 | |
| Gryphon Rider | 3 | |
| Knight | 2 | |
| Siege Engine | 4 | |
| Flying Machine | 2 | |
| Rifleman | 3 | |
67 total
» upgrades
| Defend | 1 | |
| Magic Sentry | 1 | |
| Priest Training | 2 | |
| Animal War Training | 1 | |
| Storm Hammers | 1 | |
| Gunpowder | 3 | |
| Sorceress Training | 2 | |
| Barrage | 1 | |
| Plating | 3 | |
| Masonry | 3 | |
| Cloud | 1 | |
| Flying Machine Bombs | 1 | |
| Swords | 3 | |
| Long Rifles | 1 | |
| Lumber Harvesting | 2 | |
| Armor | 2 | |
| Flak Cannons | 1 | |
| Fragmentation Shards | 1 | |
| Flare | 1 | |
| Control Magic | 1 | |
32 total
» buildings
| Barracks | 1 | |
| Altar of Kings | 1 | |
| Farm | 12 | |
| Scout Tower | 9 | |
| Arcane Tower | 6 | |
| Lumber Mill | 5 | |
| Keep | 2 | |
| Town Hall | 4 | |
| Castle | 1 | |
| Arcane Sanctum | 1 | |
| Blacksmith | 2 | |
| Gryphon Aviary | 2 | |
| Arcane Vault | 1 | |
| Workshop | 3 | |
| Guard Tower | 2 | |
52 total
» build order
00:05 Barracks
00:09 Altar of Kings
00:30 Farm
01:00 Farm
01:32 Scout Tower
02:22 Farm
02:52 Arcane Tower
03:57 Farm
04:00 Lumber Mill
04:12 Keep
04:13 Keep
04:33 Farm
04:40 Farm
04:57 Scout Tower
05:37 Arcane Tower
06:59 Town Hall
07:03 Scout Tower
07:04 Scout Tower
07:13 Farm
07:14 Farm
07:39 Arcane Tower
08:12 Arcane Tower
09:07 Castle
09:15 Arcane Sanctum
09:18 Blacksmith
10:49 Farm
12:26 Gryphon Aviary
12:27 Gryphon Aviary
13:47 Arcane Vault
17:57 Workshop
17:59 Workshop
19:05 Workshop
19:49 Blacksmith
23:11 Town Hall
23:16 Scout Tower
23:17 Scout Tower
23:17 Scout Tower
23:36 Farm
23:41 Scout Tower
23:41 Scout Tower
23:55 Arcane Tower
23:56 Guard Tower
24:16 Arcane Tower
24:38 Farm
24:46 Guard Tower
52:08 Town Hall
53:40 Town Hall
57:22 Lumber Mill
57:26 Lumber Mill
77:05 Farm
82:23 Lumber Mill
82:40 Lumber Mill
» items
| Boots of Speed | 2 | |
| Scroll of Healing | 3 | |
| Periapt of Vitality | 4 | |
| Tome of Retraining | 1 | |
| Potion of Invisibility | 3 | |
| Potion of Lesser Invulnerability | 1 | |
| Potion of Healing | 8 | |
| Scroll of Regeneration | 5 | |
| Mechanical Critter | 1 | |
| Scroll of Town Portal | 2 | |
| Staff of Sanctuary | 2 | |
| Orb of Fire | 1 | |
| Potion of Mana | 1 | |
| Lesser Clarity Potion | 1 | |
35 total
team 2 (loser)
Specter (
pink | 12 APM | 1192 actions | 98:37)
5 Mountain King
3 Storm Bolt
2 Bash
» actions
| Assign group hotkey | 59 | |
| Basic commands | 171 | |
| Build / train | 89 | |
| Enter build submenu | 33 | |
| Enter hero's abilities submenu | 6 | |
| Give item / drop item | 1 | |
| Right click | 7 | |
| Select / deselect | 377 | |
| Select group hotkey | 311 | |
| Use ability | 138 | |
1192 total
» units
| Peasant | 19 | |
| Footman | 19 | |
| Rifleman | 6 | |
| Priest | 2 | |
| Sorceress | 7 | |
| Spell Breaker | 2 | |
| Flying Machine | 1 | |
56 total
» upgrades
| Gunpowder | 1 | |
| Swords | 1 | |
| Masonry | 3 | |
| Plating | 2 | |
| Defend | 1 | |
| Sorceress Training | 1 | |
9 total
» buildings
| Blacksmith | 1 | |
| Barracks | 1 | |
| Farm | 21 | |
| Altar of Kings | 1 | |
| Lumber Mill | 3 | |
| Keep | 1 | |
| Arcane Vault | 1 | |
| Scout Tower | 5 | |
| Guard Tower | 2 | |
| Arcane Sanctum | 1 | |
| Workshop | 2 | |
| Castle | 2 | |
41 total
» build order
00:15 Blacksmith
00:45 Barracks
00:56 Farm
01:18 Altar of Kings
01:45 Lumber Mill
02:00 Farm
02:49 Farm
03:44 Keep
03:57 Arcane Vault
04:55 Farm
04:57 Farm
04:58 Farm
05:23 Scout Tower
06:06 Guard Tower
07:22 Scout Tower
07:30 Arcane Sanctum
10:20 Guard Tower
14:20 Farm
14:21 Farm
19:02 Workshop
20:05 Workshop
20:21 Castle
22:34 Farm
24:21 Farm
24:41 Castle
24:57 Farm
25:24 Farm
26:02 Farm
26:58 Farm
27:58 Scout Tower
28:04 Scout Tower
28:08 Scout Tower
28:37 Farm
28:42 Farm
28:48 Farm
29:03 Lumber Mill
30:28 Farm
30:39 Lumber Mill
30:57 Farm
31:44 Farm
32:26 Farm
» items
| Scroll of Regeneration | 4 | |
| Potion of Healing | 3 | |
| Lesser Clarity Potion | 2 | |
| Scroll of Town Portal | 2 | |
11 total
Chat log
(21:14 / All) Specter: hide the farm time
(21:20 / All) Supplies: someones angry
(21:21 / All) Supplies: lol
(21:40 / All) Specter: nah i think its funny how long I can drag this out
(21:46 / All) Specter: cookie cutter lamer
(21:49 / All) Supplies: LOL
(21:53 / All) Supplies: cookie cutter
(21:56 / All) Supplies: kid you have no idea who i am
(22:03 / All) Specter: a retard
(22:09 / All) Supplies: thats why you lost to me :)
(22:18 / All) Specter: nobody special
(22:24 / All) Specter: another cookie cutter lamer
(22:30 / All) Supplies: says the noob who went mk barracks
(22:42 / All) Supplies: i only use tier 1 in 10% of my games but ok, you wanna save face
(22:53 / All) Specter: i love squelching fags
(22:54 / All) Supplies: drag it out if you want
(23:04 / All) Supplies: you just make it obvious how angry you are :)
(23:21 / All) Supplies: wow you finally found it
(23:23 / All) Supplies: fucking genius
(23:25 / All) Supplies: took you 10 minutes
(23:47 / All) Supplies: i know you're looking at the chat log
(23:50 / All) Supplies: all noobs do
(26:38 / All) Supplies: LOOL
(27:41 / All) Specter: at this point Im just gonna drag this out and when I can t do that anymore Ill walk away
(27:47 / All) Supplies: so mad...
(27:55 / All) Supplies: dude if i wanted to end if fast i simply would have
(28:00 / All) Supplies: i play for long games
(28:08 / All) Supplies: lol
(28:15 / All) Supplies: i can do this any time i want
(28:21 / All) Supplies: and i can cover the map in flying machines
(28:41 / All) Supplies: youre too dumb to think strategically or pose any challenge
(29:18 / All) Supplies: run away lil pussy
(29:22 / All) Supplies: i bet you get beat up a lot at school
(29:41 / All) Supplies: make excuses for losing
(29:49 / All) Supplies: cry in all chat
(30:02 / All) Supplies: claim squelching
(30:10 / All) Supplies: get revealed
(30:34 / All) Supplies: lol revealed
(31:09 / All) Supplies: shoulda made a castle
(31:11 / All) Supplies: now cry and leave
(31:48 / All) Supplies: FAIL
(32:38 / All) Supplies: noob tries too hard
(32:44 / All) Supplies: RAPED haha
(33:02 / All) Supplies: im not going to kill that last farm
(33:47 / All) Specter: ok have fun cookie cutter lamer I m gonna get some food have fun cookie cutting and being a boring fag
(33:50 / All) Supplies: SOMEONES MAD
(33:53 / All) Supplies: SO MAD
(33:55 / All) Supplies: AND FAT
(34:36 / All) Specter: I bet your retarded ass has still been typing thru squelch but i dont care enought to look
(34:44 / All) Specter: c ya lill puss
(34:45 / All) Supplies: face saving
(34:46 / All) Supplies: LOL
(34:48 / All) Supplies: youre looking
(34:56 / All) Supplies: funny as shit
(34:59 / All) Supplies: how mad you get over losing
(35:05 / All) Supplies: and now i know youre a lil fatty too
(36:03 / All) Supplies: LOL
(36:04 / All) Supplies: PAUSE RAGE
(36:15 / All) Supplies: hey pretend to not look at the chat log more faggot
(38:22 / All) Supplies: SOOO MAD
(38:26 / All) Supplies: PAUSING LIKE CRAZY
(38:27 / All) Supplies: OH WAIT NO MORE LEFT
(38:31 / All) Supplies: SO ANGRY OVER LOSING
(38:34 / All) Supplies: TRYING SO HARD TO DENY
(38:36 / All) Supplies: RRRRRRRRRRRRAGE
(40:42 / All) Supplies: HEY FATTY
(40:44 / All) Supplies: REPAIR YOUR FARM
(43:18 / All) Supplies: N O O B S L E A V E
(49:27 / All) Supplies: i wonder what youre doing with all this time that you meant to play warcraft
(49:34 / All) Supplies: telling yourself that you "won" by wasting my time
(49:41 / All) Supplies: which implies that my time is more valuable than yours
(49:42 / All) Supplies: lol
(49:43 / All) Supplies: sad
(62:16 / All) Specter: lolu still here ? I m playing other games
(62:23 / All) Specter: proves you are retarded
(62:34 / All) Supplies: funny you ask questions when you claim to be squelching lol
(62:38 / All) Supplies: i was tabbed out but ok
(63:01 / All) Supplies: how you gonna talk yourself out of that one
(63:20 / All) Supplies: "I DONT LOOK AT CHAT LOG WAAAAH"
(63:21 / All) Supplies: lol
(63:32 / All) Supplies: never seen so much face saving from such a bad player